 Dungeon Crawl Stone Soup version 0.27-a0-1434-g6f15984924 (webtiles) character file.

Game seed: 12907515012801160272

257 pokeman the Magician (level 5, -7/29 HPs)
             Began as a Deep Elf Hedge Wizard on July 3, 2021.
             Killed by nerve-wracking pain
             ... invoked by Grinder
              (13 damage)
             ... on level 3 of the Dungeon.
             The game lasted 00:07:29 (3305 turns).

pokeman the Magician (Deep Elf Hedge Wizard)        Turns: 3305, Time: 00:07:30

Health: -7/29      AC:  4    Str:  7    XL:     5   Next: 93%
Magic:  2/16       EV: 12    Int: 20    God:
Gold:   89         SH:  0    Dex: 14    Spells: 6/17 levels left

rFire    . . .     SeeInvis .   l - +0 dagger (venom)
rCold    . . .     Faith    .   (no shield)
rNeg     . . .     Spirit   .   m - +0 leather armour
rPois    .         Reflect  .   g - +0 helmet
rElec    .         Harm     .   (no cloak)
rCorr    .         Rampage  .   (no gloves)
Will     .....                  (no boots)
Stlth    ++........             (no amulet)
HPRegen  0.09/turn              (no ring)
MPRegen  0.15/turn              (no ring)

@: very slightly contaminated
A: no striking features
a: no special abilities


You were on level 3 of the Dungeon.
You visited 1 branch of the dungeon, and saw 3 of its levels.

You collected 89 gold pieces.

Inventory:

Hand Weapons
 l - a +0 dagger of venom (weapon)
Armour
 d - a +0 buckler
 g - a +0 helmet (worn)
 m - a +0 leather armour (worn)
Magical Staves
 c - a staff of death
 j - a staff of air
Scrolls
 a - a scroll of teleportation {unknown}
 b - a scroll of enchant weapon {unknown}
 e - 5 scrolls of identify {unknown}
 i - a scroll of brand weapon {unknown}
 k - 2 scrolls of noise {unknown}
Potions
 f - a potion of curing {unknown}
 h - a potion of brilliance {unknown}


   Skills:
 - Level 1.0 Fighting
 - Level 1.0 Armour
 - Level 3.3 Dodging
 + Level 2.5 Stealth
 - Level 1.2 Shields
 * Level 6.6 Spellcasting
 + Level 3.0 Conjurations
 - Level 1.1 Summonings
 - Level 1.1 Translocations
 + Level 0.4 Fire Magic


You had 6 spell levels left.
You knew the following spells:

 Your Spells              Type           Power      Damage    Failure   Level
a - Magic Dart            Conj           72%        1d6       4%          1
b - Mephitic Cloud        Conj/Pois/Air  10%        N/A       28%         3
c - Call Imp              Summ           11%        N/A       14%         2
d - Blink                 Tloc           N/A        N/A       14%         2
e - Conjure Flame         Conj/Fire      13%        6-21      22%         3

Your spell library contained the following spells:

 Spells                   Type           Power      Damage    Failure   Level
 Slow                     Hex            6%         N/A       22%         2
 Dazzling Flash           Conj/Hex       24%        N/A       24%         3
 Confusing Touch          Hex            6%         N/A       41%         3
 Vampiric Draining        Necr           3%         2d6       41%         3
 Iskenderun's Mystic Bla  Conj/Tloc      14%        2d5       52%         4
 Summon Lightning Spire   Summ/Air       8%         N/A       75%         4
 Dispersal                Tloc           5%         N/A       100%        6
 Starburst                Conj/Fire      6%         8x6d4     100%        6
 Storm Form               Tmut/Air       3%         N/A       100%        7
 Disjunction              Tloc           5%         N/A       100%        8
 Maxwell's Capacitive Co  Air            3%         ∞         100%        8


Dungeon Overview and Level Annotations

Branches:
Dungeon (3/15)

Altars:
Uskayaw

Annotations:
D:3 Grinder


Message History

What are your orders? t - Shout!
Orders for allies: a - Attack new target. p - Attack previous target. r - Retreat! s - Stop attacking. g - Guard the area. f - Follow me.
Anything else - Cancel.
Gang up on whom?
Press: ? - help, Dir - move target, f/p - Grinder
Aim: Grinder (severely wounded, ally target) Attack!
Your crimson imp hits Grinder but does no damage.
Grinder hits your crimson imp.
Your crimson imp closely misses Grinder.
Grinder closely misses your crimson imp.
Your crimson imp closely misses Grinder.
Grinder hits your crimson imp!
Your crimson imp barely misses Grinder.
Found a stone staircase leading down.
Grinder barely misses your crimson imp.
Your crimson imp blinks!
Casting: Magic Dart (safe; 4% risk of failure)
Confirm with . or Enter, or press ? or * to list all spells.
You miscast Call Imp.
You are very lightly contaminated with residual magic.
Nothing appears to happen.
Casting: Call Imp (safe; 14% risk of failure)
Confirm with . or Enter, or press ? or * to list all spells.
A shadowy apparition takes form in the air.
Your iron imp barely misses Grinder.
Grinder hits you.
Your crimson imp blinks!
Unknown command.
You barely miss Grinder.
Grinder is severely wounded.
Grinder hits you!
* * * LOW HITPOINT WARNING * * *
You writhe in agony.
* * * LOW HITPOINT WARNING * * *
Your iron imp hits Grinder.
Your shadow imp barely misses Grinder.
Grinder gestures at you. Pain shoots through your body!
You die...

.# ## ## .# ≈≈ .#
#.###≈≈ .###### #..##.≈
......# #..##.# ≈≈#
+##...# #..##.### .≈.(
....#.####.......##.....
....+....<....5.@......!
....#.###.#..55..##.....
...........#.#......##.#
###.#...........###.#
..........#.#.#......>
###.#.#.#......##...##.
# #.#.#.#..#.#.##...# #
#.#.#.#.#...........
###)..#.#.#...#### .##


You could see Grinder (ally target), a friendly iron imp (summoned) and a
friendly shadow imp (summoned).

Vanquished Creatures
  Sigmund (D:2)
  Terence (D:2)
  3 adders (D:2)
  A worm (D:2)
  2 dart slugs (D:2)
  An orc (D:3)
  3 endoplasms
  3 goblins
  A hobgoblin (D:2)
  2 kobolds
  4 ball pythons
  3 bats
  4 frilled lizards
  A rat (D:2)
30 creatures vanquished.

Vanquished Creatures (collateral kills)
  An orc wizard (D:3)
  3 orcs (D:3)
4 creatures vanquished.

Vanquished Creatures (others)
  3 plants (D:1)
3 creatures vanquished.

Grand Total: 37 creatures vanquished

Notes
Turn   | Place    | Note
-------+----------+-------------------------------------------
     0 | D:1      | pokeman the Deep Elf Hedge Wizard began the quest for the
                  | Orb.
     0 | D:1      | Reached XP level 1. HP: 10/10 MP: 7/7
   618 | D:1      | Found a faded altar of an unknown god.
   852 | D:2      | Reached XP level 2. HP: 15/15 MP: 6/9
  1533 | D:2      | Reached skill level 5 in Spellcasting
  1644 | D:2      | Noticed Terence
  1727 | D:2      | Reached XP level 3. HP: 20/20 MP: 2/11
  1731 | D:2      | Learned a level 3 spell: Mephitic Cloud
  1734 | D:2      | Learned a level 2 spell: Call Imp
  1737 | D:2      | Learned a level 2 spell: Blink
  1741 | D:2      | Learned a level 3 spell: Conjure Flame
  1841 | D:2      | Found a hide-covered altar of Uskayaw.
  2039 | D:2      | Killed Terence
  2040 | D:2      | Reached skill level 1 in Fighting
  2040 | D:2      | Reached skill level 1 in Armour
  2041 | D:2      | Noticed Sigmund
  2293 | D:2      | Reached XP level 4. HP: 25/25 MP: 5/13
  2468 | D:2      | Killed Sigmund
  2469 | D:2      | Reached skill level 1 in Shields
  2469 | D:2      | Reached skill level 6 in Spellcasting
  2469 | D:2      | Reached XP level 5. HP: 13/29 MP: 8/16
  3008 | D:3      | Noticed Grinder
  3010 | D:3      | Paralysed by Grinder for 2 turns
  3015 | D:3      | Paralysed by Grinder for 5 turns
  3035 | D:3      | Paralysed by Grinder for 5 turns
  3283 | D:3      | Paralysed by Grinder for 3 turns
  3305 | D:3      | Killed from afar by Grinder

Illustrated notes

Levels and vault maps discovered:
D:1:      psy_arrival_radial01, layout_rooms, chequers_ecumenical_altar_lobes
D:2:      layout_loops_cross, basic_altar, kennysheep_donut,
          corexii_item_surrounded_by_moat, uniq_sigmund, uniq_terence
D:3:      layout_basic, chequers_serial_rivers_small_a, hex_tiny,
          minmay_strange_pillars, hangedman_abyss_or_decor_lesser_grid,
          uniq_grinder

Skill      XL: |  1  2  3  4  5 |
---------------+----------------+-----
Spellcasting   | 5 6 |  6.6
Fighting       | 1 |  1.0
Armour         | 1 |  1.0
Conjurations   | 2 3 |  3.0
Dodging        | 3 |  3.3
Shields        | 1 |  1.2
Stealth        | |  2.5
Summonings     | |  1.1
Translocations | |  1.1
Fire Magic     | |  0.4

Action                   |  1- 3 |  4- 6 || total
-------------------------+-------+-------++-------
Melee: Dagger            |    10 |     1 ||    11
 Cast: Magic Dart        |    74 |    34 ||   108
       Blink             |     7 |     2 ||     9
       Mephitic Cloud    |     1 |     1 ||     2
       Call Imp          |     1 |    11 ||    12
       Conjure Flame     |     1 |       ||     1
Armor: Robe              |     5 |     1 ||     6
Dodge: Dodged            |     7 |     4 ||    11

Table legend: (Time is in decaauts)
 A = Elapsed time spent in this place.
 B = Non-inter-level travel time spent in this place.
 C = Inter-level travel time spent in this place.
 D = Time resting spent in this place.
 E = Time spent auto-exploring this place.
 F = Levels seen in this place.
 G = Mean time per level.
                   A        B        C        D        E       F      G
               +--------+--------+--------+--------+--------+-----+--------+
         Total |   3308 |   2980 |    328 |    439 |   2026 |   3 | 1102.7 |
       Dungeon |   3308 |   2980 |    328 |    439 |   2026 |   3 | 1102.7 |
               +--------+--------+--------+--------+--------+-----+--------+

Top non-repeatable levels by time:
     D:2: 1738 daAuts
     D:1: 1143 daAuts
     D:3: 426 daAuts
